 Dungeon Crawl Stone Soup version 0.22-a0-460-g49b1da7 (webtiles) character file.

254 reaverb the Skirmisher (level 6, -7/53 HPs)
             Began as a Merfolk Wizard on June 10, 2018.
             Killed from afar by JimmyWheeler's ghost (25 damage)
             ... with a shard of ice
             ... on level 4 of the Dungeon.
             The game lasted 00:14:49 (5174 turns).

reaverb the Skirmisher (Merfolk Wizard)             Turns: 5174, Time: 00:14:49

Health: -7/53      AC:  3    Str:  7    XL:     6   Next: 14%
Magic:  1/10       EV: 13    Int: 20    God:
Gold:   161        SH:  0    Dex: 12    Spells: 6/11 levels left

rFire    . . .     SeeInvis .   e - +0 whip
rCold    + . .     Gourm    .   (no shield)
rNeg     . . .     Faith    .   a - +0 robe
rPois    .         Spirit   .   b - +0 hat
rElec    .         Reflect  .   h - +0 cloak
rCorr    .         Harm     .   (no gloves)
MR       .....                  (no boots)
Stlth    ++........             (no amulet)
HPRegen  0.17/turn              l - ring of protection from cold
MPRegen  0.12/turn              (no ring)

@: no status effects
A: change form in water, swift swim, stealthy swim
a: no special abilities


You were on level 4 of the Dungeon.
You were not hungry.

You visited 1 branch of the dungeon, and saw 4 of its levels.

You collected 161 gold pieces.

Notes
Turn   | Place    | Note
-------+----------+-------------------------------------------
     0 | D:1      | reaverb the Merfolk Wizard began the quest for the Orb.
     0 | D:1      | Reached XP level 1. HP: 13/13 MP: 4/4
   185 | D:1      | Huge Dmg: 3 Dmg
   188 | D:1      | Reached skill level 1 in Fighting
   280 | D:1      | Reached XP level 2. HP: 22/22 MP: 3/6
   326 | D:1      | Reached skill level 2 in Fighting
   637 | D:1      | Huge Dmg: 5 Dmg
   894 | D:1      | Learned a level 2 spell: Call Imp
   897 | D:1      | Learned a level 2 spell: Blink
   967 | D:1      | Reached XP level 3. HP: 19/28 MP: 5/7
  1076 | D:1      | Reached skill level 3 in Fighting
  2158 | D:2      | Reached XP level 4. HP: 33/37 MP: 0/8
  2271 | D:2      | Huge Dmg: 2 Dmg
  2275 | D:1      | HP: 3/37 [poisoned by an adder]
  2276 | D:1      | Huge Dmg: 1 Dmg
  2284 | D:1      | Reached skill level 4 in Fighting
  2552 | D:2      | Found a hide-covered altar of Uskayaw.
  2818 | D:1      | Huge Dmg: 9 Dmg
  2827 | D:1      | Huge Dmg: 10 Dmg
  3046 | D:1      | Huge Dmg: 10 Dmg
  3818 | D:3      | Reached XP level 5. HP: 41/43 MP: 4/9
  3898 | D:3      | Reached skill level 5 in Fighting
  4191 | D:3      | Huge Dmg: 10 Dmg
  4750 | D:4      | Huge Dmg: 8 Dmg
  4753 | D:4      | Huge Dmg: 5 Dmg
  4755 | D:4      | Huge Dmg: 5 Dmg
  4967 | D:4      | Noticed a phantom
  5001 | D:4      | Killed a phantom
  5001 | D:4      | Reached skill level 6 in Fighting
  5001 | D:4      | Reached XP level 6. HP: 43/53 MP: 6/10
  5112 | D:4      | Noticed JimmyWheeler's ghost (novice KoIE)
  5132 | D:4      | Huge Dmg: 12 Dmg
  5171 | D:4      | Huge Dmg: 7 Dmg
  5174 | D:4      | Killed from afar by JimmyWheeler's ghost

Inventory:

Hand Weapons
 e - a +0 whip (weapon)
Armour
 a - a +0 robe (worn)
 b - a +0 hat (worn)
 h - a +0 cloak (worn)
Jewellery
 l - a ring of protection from cold (left hand)
 x - an uncursed amulet of guardian spirit {unknown}
Wands
 o - a wand of paralysis (14)
Scrolls
 c - a scroll of immolation {unknown}
 k - 4 scrolls of remove curse
 m - a scroll of enchant armour {unknown}
 p - a scroll of teleportation {unknown}
 r - a scroll of fog
 u - 4 scrolls of identify {unknown}
 w - 2 scrolls of amnesia {unknown}
Potions
 f - a potion of agility
 g - a potion of resistance {unknown}
 i - a potion of brilliance
 j - a potion of heal wounds {unknown}
 n - a potion of degeneration {unknown}
 q - a potion of berserk rage {unknown}
 s - a potion of cancellation {unknown}
 t - a potion of mutation {unknown}
Comestibles
 d - 9 rations
 v - 4 chunks of flesh

Table legend:
 A = Turns spent in this place as a percentage of turns spent in the entire game.
 B = Non-inter-level travel turns spent in this place as a percentage of non-inter-level travel turns spent in the entire game.
 C = Inter-level travel turns spent in this place as a percentage of turns spent in this place.
 D = Turns resting spent in this place as a percentage of non-inter-level travel turns spent in this place.
 E = Turns spent auto-exploring this place as a percentage of non-inter-level travel turns spent in this place.
 F = Non-inter-level travel turns spent in this place divided by the number of levels of this place that you've seen.
                   A       B       C       D       E      F
               +-------+-------+-------+-------+-------+----------------------
         Total | 100.0 | 100.0 |   1.3 |  38.9 |  19.4 | 1276.5
       Dungeon | 100.0 | 100.0 |   1.3 |  38.9 |  19.4 | 1276.5
               +-------+-------+-------+-------+-------+----------------------


   Skills:
 + Level 6.4 Fighting
 - Level 2.6 Dodging
 - Level 2.1 Stealth
 - Level 3.0 Spellcasting
 - Level 0.7 Conjurations
 - Level 1.0 Summonings
 - Level 0.7 Translocations


You had 6 spell levels left.
You knew the following spells:

 Your Spells              Type           Power        Failure   Level  Hunger
a - Magic Dart            Conj           #...         11%         1    None
b - Call Imp              Summ           #.......     14%         2    ##.....
c - Blink                 Tloc           N/A          16%         2    ##.....

Your spell library contained the following spells:

 Spells                   Type           Power        Failure   Level  Hunger
 Conjure Flame            Conj/Fire      #.......     36%         3    ###....
 Slow                     Hex            #.......     22%         2    ##.....
 Mephitic Cloud           Conj/Pois/Air  #.......     36%         3    ###....


Dungeon Overview and Level Annotations

Branches:
Dungeon (4/15)
 Temple: D:4-7

Altars:
Uskayaw

Annotations:
D:4 JimmyWheeler's ghost, novice KoIE


Message History

Your white imp resists.
Your white imp is frozen.
Your white imp hits JimmyWheeler's ghost.
Your white imp freezes JimmyWheeler's ghost.
JimmyWheeler's ghost resists.
Your crimson imp hits JimmyWheeler's ghost but does no damage.
The quasit gives a chilling moan.
You hear a chilling moan. x2
Your white imp disappears in a puff of smoke!
JimmyWheeler's ghost gestures at your crimson imp while chanting.
Your crimson imp is frozen!
Your crimson imp is frozen.
Found 7 gold pieces.
JimmyWheeler's ghost gestures at your crimson imp while chanting.
Your crimson imp is frozen!
Your crimson imp is frozen.
Your crimson imp dies!
Casting: Call Imp (safe; 14% risk of failure)
Confirm with . or Enter, or press ? or * to list all spells.
A shadowy apparition takes form in the air.
JimmyWheeler's ghost turns its malevolent gaze towards you.
Your shadow imp gestures at the ooze.
The ooze writhes in agony!
Your shadow imp gestures at the ooze.
The ooze writhes in agony!
The ooze barely misses you.
Your shadow imp gestures at the ooze.
The ooze writhes in agony!
Your shadow imp closely misses JimmyWheeler's ghost.
Casting: Call Imp (safe; 14% risk of failure)
Confirm with . or Enter, or press ? or * to list all spells.
A beastly little devil appears in a puff of flame.
The ooze hits your crimson imp but does no damage.
Your shadow imp barely misses JimmyWheeler's ghost.
The ooze hits your crimson imp.
Your crimson imp hits the ooze.
The ooze barely misses your crimson imp.
Your shadow imp hits JimmyWheeler's ghost but does no damage.
Your crimson imp hits the ooze.
The ooze hits your crimson imp but does no damage.
Your crimson imp hits the ooze.
Your shadow imp misses JimmyWheeler's ghost.
The ooze hits your crimson imp but does no damage.
Your shadow imp hits JimmyWheeler's ghost.
Your crimson imp hits the ooze.
The ooze dies!
Casting: Call Imp (safe; 14% risk of failure)
Confirm with . or Enter, or press ? or * to list all spells.
You miscast Call Imp.
You are very lightly contaminated with residual magic.
The world appears momentarily distorted.
Your crimson imp closely misses JimmyWheeler's ghost.
JimmyWheeler's ghost closely misses your crimson imp.
Your shadow imp completely misses JimmyWheeler's ghost.
Your crimson imp misses JimmyWheeler's ghost.
JimmyWheeler's ghost hits your crimson imp.
Your shadow imp completely misses JimmyWheeler's ghost.
Your crimson imp hits JimmyWheeler's ghost but does no damage.
Casting: Call Imp (safe; 14% risk of failure)
Confirm with . or Enter, or press ? or * to list all spells.
A beastly little devil appears in a puff of flame.
JimmyWheeler's ghost closely misses your crimson imp.
Your shadow imp misses JimmyWheeler's ghost.
Your crimson imp blinks!
You see here a ball python skeleton.
You swap places.
JimmyWheeler's ghost hits your crimson imp.
Your shadow imp hits JimmyWheeler's ghost.
Your crimson imp barely misses JimmyWheeler's ghost.
JimmyWheeler's ghost hits your crimson imp.
Your shadow imp barely misses JimmyWheeler's ghost.
Your crimson imp completely misses JimmyWheeler's ghost.
JimmyWheeler's ghost gestures at you while chanting.
The shard of ice hits your crimson imp.
Your crimson imp is frozen!
Your crimson imp dies!
Your shadow imp closely misses JimmyWheeler's ghost.
You swap places.
Your crimson imp barely misses JimmyWheeler's ghost.
You see here a ball python skeleton.
Your crimson imp closely misses JimmyWheeler's ghost.
Your crimson imp blinks!
You see here a club.
Your crimson imp blinks!
JimmyWheeler's ghost whispers, "Death doesn't hurt.
What you feel is life."
Your magical contamination has completely faded away.
JimmyWheeler's ghost casts a spell at you.
The shard of ice hits you! You partially resist.
* * * LOW HITPOINT WARNING * * *
Your shadow imp completely misses JimmyWheeler's ghost.
Huge Dmg: -14%(-7hp) hp: 34%(18hp)
Casting: Call Imp (safe; 14% risk of failure)
Confirm with . or Enter, or press ? or * to list all spells.
A beastly little devil appears in a puff of flame.
You swap places.
JimmyWheeler's ghost gestures at you while chanting.
The shard of ice hits your crimson imp.
Your crimson imp is frozen!
Your crimson imp dies!
Your shadow imp disappears in a puff of smoke!
JimmyWheeler's ghost casts a spell at you.
The shard of ice hits you! You partially resist.
You die...

#.# .. #.# ## #.# #.#
#.# #.# #.# ####
#######ยง#
...###########..@..W.#
..............#.######
......########.##
......# ### ......#
......# ......#
......# ......#


You could see JimmyWheeler's ghost.

Table legend:
 A = Kills in this place as a percentage of kills in entire the game.
 B = Kills by you in this place as a percentage of kills by you in the entire game.
 C = Kills by friends in this place as a percentage of kills by friends in the entire game.
 D = Other kills in this place as a percentage of other kills in the entire game.
 E = Experience gained in this place as a percentage of experience gained in the entire game.
 F = Experience gained in this place divided by the number of levels of this place that you have seen.
                   A       B       C       D       E      F
               +-------+-------+-------+-------+-------+----------------------
         Total | 100.0 | 100.0 | 100.0 |   N/A | 100.0 |  90.8
       Dungeon | 100.0 | 100.0 | 100.0 |   N/A | 100.0 |  90.8
               +-------+-------+-------+-------+-------+----------------------

Vanquished Creatures
  2 adders
  2 worms (D:1)
  8 dart slugs
  8 leopard geckos
  An orc (D:4)
  A ball python (D:4)
  2 giant cockroaches
  5 goblins
  9 hobgoblins
  2 jackals (D:3)
  4 kobolds (D:1)
  2 quokkas
  10 bats
  4 frilled lizards
  8 rats
68 creatures vanquished.

Vanquished Creatures (collateral kills)
  A phantom (D:4)
  2 scorpions (D:4)
  4 adders
  An ooze (D:4)
  A worm (D:3)
  An orc (D:2)
  A goblin (D:2)
  A quokka (D:3)
  A rat (D:3)
13 creatures vanquished.

Grand Total: 81 creatures vanquished

Action                   |  1- 3 |  4- 6 || total
-------------------------+-------+-------++-------
Melee: Unarmed           |    10 |       ||    10
       Whip              |   201 |   244 ||   445
 Cast: Magic Dart        |    31 |    21 ||    52
       Call Imp          |     2 |    34 ||    36
       Blink             |     1 |     3 ||     4
  Use: Potion            |       |     4 ||     4
       Scroll            |       |     2 ||     2
 Stab: Sleeping          |     2 |     1 ||     3
       Distracted        |       |     1 ||     1
  Eat: Chunk             |     4 |     9 ||    13
       Ration            |       |     1 ||     1
Armor: Robe              |    38 |    48 ||    86
Dodge: Dodged            |   121 |   225 ||   346
